 Dungeon Crawl Stone Soup version 0.31-a0-983-g7b6862f502 (webtiles) character file.

Game seed: 212562072733584664

593 Maratek the Poker (level 7, -4/61 HPs)
             Began as a Minotaur Fighter on Nov 2, 2023.
             Slain by Edmund
             ... wielding a +4 flail of protection
              (7 damage)
             ... on level 4 of the Dungeon.
             The game lasted 00:05:02 (2882 turns).

Maratek the Poker (Minotaur Fighter)                Turns: 2882, Time: 00:05:03

Health: -4/61      AC: 14    Str: 22    XL:     7   Next: 16%
Magic:  6/6        EV:  6    Int:  5    God:
Gold:   256        SH:  4    Dex: 10    Spells: 6/6 levels left

rFire   . . .        a - +0 trident
rCold   + . .        c - +0 buckler
rNeg    + . .        p - +0 plate armour
rPois   .            (helmet restricted)
rElec   .            (no cloak)
rCorr   +            e - +1 pair of gloves
SInv    .            (no boots)
Will    .....        (no amulet) Stlth
                     f - ring of resist corrosion
HPRegen 0.30/turn    n - ring of Lugonu's Delight {rC+ rN+}
MPRegen 0.10/turn

%: no passive effects
@: no status effects
A: horns 2, retaliatory headbutt
a: no special abilities


You were on level 4 of the Dungeon.
You visited 1 branch of the dungeon, and saw 5 of its levels.

You collected 256 gold pieces.

Inventory:

Hand Weapons
 a - a +0 trident (weapon)
Armour
 c - a +0 buckler (worn)
 e - a +1 pair of gloves (worn)
 p - a +0 plate armour (worn)
Jewellery
 f - a ring of resist corrosion (left hand)
 m - a ring of fire
 n - the ring of Lugonu's Delight (right hand) {rC+ rN+}
   (You found it on level 3 of the Dungeon)

   [ring of protection from cold]

   rC+:       It protects you from cold.
   rN+:       It protects you from negative energy.
Wands
 o - a wand of roots (5)
Potions
 d - a potion of might
 g - 2 potions of brilliance {unknown}
 h - a potion of mutation {unknown}
 i - 2 potions of curing {unknown}
 j - a potion of degeneration {unknown}
 k - a potion of enlightenment {unknown}
 l - 2 potions of heal wounds {unknown}


   Skills:
 + Level 5.4 Fighting
 + Level 6.4 Polearms
 + Level 5.6 Armour
 + Level 1.4 Dodging
 + Level 0.1 Stealth
 + Level 4.7 Shields


You had 6 spell levels left.
You didn't know any spells.
Your spell library contained the following spells:

 Spells                   Type           Power      Damage    Failure   Level
 Cigotuvi's Dreadful Rot  Necr/Pois/Air  0%         N/A       100%        2
 Stone Arrow              Conj/Erth      0%         3d7       100%        3
 Animate Armour           Summ/Erth      0%         N/A       100%        4
 Leda's Liquefaction      Hex/Erth       0%         N/A       100%        4


Dungeon Overview and Level Annotations

Branches:
Dungeon (5/15)
 Temple: D:4-7

Altars:
Dithmenos
Gozag
Hepliaklqana
Kikubaaqudgha
Nemelex Xobeh
Okawaru
Ru
Sif Muna
Uskayaw

Shops:
D:1 =   D:5 !

Annotations:
D:4 1 runed translucent door, Edmund; makewrite's ghost, amateur MiGl


Innate Abilities, Weirdness & Mutations

You have a pair of horns on your head.
You reflexively headbutt those who attack you in melee.


Message History

You are more poisoned.
The adder poisons you!
You barely miss the adder.
You feel very sick. You block the adder's attack. x2
Edmund hits you with a +4 flail of protection.
The adder bites you but does no damage.
You puncture the adder!
You kill the adder!
You feel sick. Edmund hits you but does no damage.
The adder bites you but does no damage.
You feel sick.
You closely miss the adder.
You feel sick. The adder bites you.
* * * LOW HITPOINT WARNING * * *
You block Edmund's attack. You block the adder's attack.
You barely miss the adder. Your headbutt misses the adder.
You feel sick. Edmund closely misses you.
The adder bites you but does no damage.
You closely miss the adder. You headbutt the adder!
You kill the adder!
You feel sick.
Edmund hits you with a +4 flail of protection.
* * * LOW HITPOINT WARNING * * *
You feel sick.
Edmund says, "People accused me of being a cutpurse!"
Edmund hits you with a +4 flail of protection!
* * * LOW HITPOINT WARNING * * *
You see here an adder corpse.
You barely miss Edmund.
Edmund is moderately wounded.
You feel sick. Edmund barely misses you.
You closely miss Edmund. Your headbutt misses Edmund.
Edmund is moderately wounded.
You feel sick.
You are no longer poisoned.
Edmund barely misses you.
You puncture Edmund!
Edmund is heavily wounded.
Edmund hits you with a +4 flail of protection!
You die...
Edmund says, "I'd like to see a scythe do that!"

##.......####..##
##.._..._.##
##.)####
#..........#
#.....######
#.._..8.._.#
#..........#
##.........#
#...########
##._..._..####).##
#.........รท....##
###......##....>#
#########..@..#
##.)@..# #..###.#
##.## #.# #.## #.#
### #.# ###


You could see Edmund.

Vanquished Creatures
  Grinder (D:3)
  An ice beast (D:5)
  A scorpion (D:3)
  2 hounds (D:4)
  A gnoll (D:4)
  9 adders
  2 ufetubi (D:4)
  A dart slug (D:3)
  3 orcs
  7 ball pythons
  9 endoplasms
  5 giant cockroaches
  7 goblins
  12 hobgoblins
  7 jackals
  2 quokkas
  7 bats
  2 frilled lizards
  6 kobolds
  A rat (D:3)
86 creatures vanquished.

Notes
Turn   | Place    | Note
-------+----------+-------------------------------------------
     0 | D:1      | Maratek the Minotaur Fighter began the quest for the Orb.
     0 | D:1      | Reached XP level 1. HP: 19/19 MP: 0/0
    90 | D:1      | Reached XP level 2. HP: 27/27 MP: 1/1
   137 | D:1      | Got the Handbook of Coarse Putrescence
   334 | D:1      | Found Myheal's Jewellery Shoppe.
   490 | D:2      | Reached XP level 3. HP: 33/33 MP: 2/2
   548 | D:2      | Found a faded altar of an unknown god.
   722 | D:2      | Reached skill level 3 in Polearms
  1110 | D:3      | Noticed Grinder
  1127 | D:3      | Killed Grinder
  1128 | D:3      | Reached skill level 5 in Fighting
  1128 | D:3      | Reached skill level 5 in Polearms
  1128 | D:3      | Reached XP level 4. HP: 25/42 MP: 3/3
  1128 | D:3      | Reached XP level 5. HP: 29/48 MP: 4/4
  1224 | D:3      | Reached XP level 6. HP: 41/56 MP: 5/5
  1342 | D:3      | Found a shadowy altar of Dithmenos.
  1756 | D:3      | Identified the ring of Lugonu's Delight {rC+ rN+}
  1870 | D:4      | Noticed a +0 short sword
  1871 | D:4      | Noticed a +0 spear
  1873 | D:4      | Noticed a +0 dagger
  1873 | D:4      | Noticed a +0 short sword
  1873 | D:4      | Noticed a +0 spear
  1874 | D:4      | Noticed a +0 falchion
  1874 | D:4      | Noticed a +0 falchion
  1874 | D:4      | Noticed a +0 dagger
  1919 | D:4      | Reached skill level 1 in Dodging
  2028 | D:4      | Found a runed translucent door.
  2032 | D:4      | Noticed makewrite's ghost (amateur MiGl)
  2118 | D:4      | Found a hide-covered altar of Uskayaw.
  2603 | D:4      | Found a shimmering blue altar of Sif Muna.
  2616 | D:4      | Reached skill level 6 in Polearms
  2616 | D:4      | Reached skill level 5 in Armour
  2646 | D:4      | Found a sacrificial altar of Ru.
  2646 | D:4      | Found an iron altar of Okawaru.
  2646 | D:4      | Found an ancient bone altar of Kikubaaqudgha.
  2646 | D:4      | Found an opulent altar of Gozag.
  2647 | D:4      | Found a hazy altar of Hepliaklqana.
  2761 | D:5      | Entered Level 5 of the Dungeon
  2761 | D:5      | Noticed Edmund
  2761 | D:5      | Noticed an ice beast
  2761 | D:5      | Found Botya's Distillery.
  2761 | D:5      | Found a sparkling altar of Nemelex Xobeh.
  2863 | D:5      | Killed an ice beast
  2864 | D:5      | Reached XP level 7. HP: 61/61 MP: 6/6
  2881 | D:4      | HP: 3/61 [poisoned by an adder]
  2882 | D:4      | Slain by Edmund

Illustrated notes

Levels and vault maps discovered:
D:1:      reono_arrival_forest_river, layout_rooms, serial_shops, shop
D:2:      layout_loops_cross, basic_ecumenical_altar
D:3:      minmay_octagon_keep, layout_basic,
          mainiacjoe_overflow_surrounded_room, kennysheep_cross_bottleneck,
          grunt_decor_mini_mirrors, uniq_grinder
D:4:      layout_layer_cave, nicolae_uskayaw_en_pointe,
          grunt_temple_overflow_open, ebering_ghost_sewer_d, nicolae_half_adder
D:5:      layout_gridville, mainiacjoe_overflow_alcove_2,
          nemelex_xobeh_ov_fountains_minmay, serial_shops,
          nicolae_shop_waterfront, shop, portal_sewer_entry_b, uniq_edmund,
          uniq_pikel

Skill      XL: |  1  2  3  4  5  6 |
---------------+-------------------+-----
Armour         | 4 5 |  5.6
Shields        | 4 |  4.7
Fighting       | 4 5 |  5.4
Polearms       | 5 6 |  6.4
Dodging        | 1 |  1.4
Stealth        | |  0.1

Action                     |  1- 3 |  4- 6 |  7- 9 || total
---------------------------+-------+-------+-------++-------
  Melee: Trident           |   124 |   112 |    15 ||   251
         Headbutt          |     8 |    14 |     2 ||    24
    Use: Scroll            |     3 |     2 |       ||     5
 Armour: Scale mail        |    41 |    63 |       ||   104
         Plate armour      |       |    36 |    36 ||    72
  Dodge: Dodged            |    43 |    59 |    11 ||   113
  Block: Buckler           |    22 |    28 |     8 ||    58

Table legend: (Time is in decaauts)
 A = Elapsed time spent in this place.
 B = Non-inter-level travel time spent in this place.
 C = Inter-level travel time spent in this place.
 D = Time resting spent in this place.
 E = Time spent auto-exploring this place.
 F = Levels seen in this place.
 G = Mean time per level.
                   A        B        C        D        E       F      G
               +--------+--------+--------+--------+--------+-----+--------+
         Total |   2920 |   2754 |    166 |      0 |   2218 |   5 |  584.0 |
       Dungeon |   2920 |   2754 |    166 |      0 |   2218 |   5 |  584.0 |
               +--------+--------+--------+--------+--------+-----+--------+

Top non-repeatable levels by time:
     D:4: 1013 daAuts
     D:3: 848 daAuts
     D:2: 535 daAuts
     D:1: 512 daAuts
     D:5: 10 daAuts
